 Dungeon Crawl Stone Soup version 0.31-a0-662-g684573625c (webtiles) character file.

Game seed: 15501851440869726838

697 ders the Conjurer (level 7, -3/36 HPs)
             Began as a Gargoyle Earth Elementalist on Aug 31, 2023.
             Slain by a gnoll
             ... wielding a +0 halberd
             ... led by a gnoll sergeant
              (13 damage)
             ... on level 5 of the Dungeon.
             The game lasted 00:04:45 (4676 turns).

ders the Conjurer (Gargoyle Earth Elementalist)     Turns: 4676, Time: 00:04:45

Health: -3/36      AC:  6    Str: 11    XL:     7   Next: 65%
Magic:  0/13       EV: 11    Int: 18    God:
Gold:   159        SH:  0    Dex: 10    Spells: 10/14 levels left

rFire   . . .        m - +2 falchion (drain)
rCold   . . .        (no shield)
rNeg    + . .        a - +0 robe
rPois   ∞            (no helmet)
rElec   +            (no cloak)
rCorr   .            (no gloves)
SInv    .            (no boots)
Will    +....        (no amulet)
Stlth   ++           (no ring)
HPRegen 0.26/turn    (no ring)
MPRegen 0.13/turn

%: no passive effects
@: enlightened, flying
A: sickness immunity, AC +4, negative energy resistance 1, electricity
resistance, torment resistance 1, petrification resistance
a: no special abilities


You were on level 5 of the Dungeon.
You visited 1 branch of the dungeon, and saw 5 of its levels.

You collected 159 gold pieces.

Inventory:

Hand Weapons
 d - a +0 short sword
 m - a +2 falchion of draining (weapon)
Armour
 a - a +0 robe (worn)
Jewellery
 i - a +4 ring of protection
 k - an amulet of guardian spirit
Talismans
 e - a serpent talisman
Wands
 b - a wand of paralysis (1)
 r - a wand of roots (5)
Scrolls
 f - 4 scrolls of identify {unknown}
 j - 2 scrolls of fear {unknown}
 p - 3 scrolls of enchant armour {unknown}
 t - a scroll of immolation {unknown}
Potions
 c - 3 potions of curing {unknown}
 g - 2 potions of brilliance {unknown}
 h - a potion of might {unknown}
 l - 2 potions of enlightenment
 n - 2 potions of mutation {unknown}
 o - a potion of resistance {unknown}
 q - a potion of invisibility {unknown}
 s - a potion of heal wounds {unknown}


   Skills:
 - Level 1.5 Dodging
 - Level 2.1 Stealth
 + Level 4.1 Spellcasting
 * Level 6.1 Conjurations
 - Level 0.7 Transmutations
 + Level 6.0 Earth Magic


You had 10 spell levels left.
You knew the following spells:

 Your Spells              Type           Power      Damage    Failure   Level
a - Sandblast             Erth           50%        2d12      1%          1
b - Stone Arrow           Conj/Erth      50%        3d10      3%          3

Your spell library contained the following spells:

 Spells                   Type           Power      Damage    Failure   Level
 Passwall                 Tmut/Erth      12%        N/A       5%          2
 Momentum Strike          Conj/Tloc      28%        3d8       6%          2
 Slow                     Hex            12%        N/A       14%         1
 Blink                    Tloc           6%         N/A       22%         2
 Lesser Beckoning         Tloc           6%         N/A       22%         2
 Petrify                  Tmut/Erth      15%        N/A       34%         4
 Confusing Touch          Hex            3%         N/A       41%         3
 Gell's Gravitas          Tloc           3%         N/A       41%         3
 Teleport Other           Tloc           3%         N/A       41%         3
 Vampiric Draining        Necr           3%         2d6       41%         3
 Dispersal                Tloc           1%         N/A       100%        6


Dungeon Overview and Level Annotations

Branches:
Dungeon (5/15)
 Temple: D:4-7

Altars:
Ashenzari
Dithmenos
Hepliaklqana
Ru
Xom

Portals:
Abyss: D:3

Annotations:
D:3 2 transporters, LobsterGuardian's ghost, weakling GnDe


Innate Abilities, Weirdness & Mutations

You are immune to sickness and miasma.
Your stone body is resilient. (AC +4)
You are immune to poison.
You resist negative energy. (rN+)
You are resistant to electric shocks. (rElec)
You are resistant to unholy torment.
You are immune to petrification.


Message History

The gnoll hits you from afar with a +0 halberd!
Unknown command.
Casting: Sandblast (safe; 1% risk of failure)
Confirm with . or Enter, or press ? or * to list all spells.
Aiming: Stone Arrow (dangerous; 3% risk of failure)
Press: ? - help, Shift-Dir - straight line, f/p - gnoll sergeant
Aim: a gnoll sergeant, wielding a +0 spear and wearing a +0 ring mail (lightly wounded, 79% to hit)
The stone arrow hits the gnoll sergeant!
The gnoll sergeant is severely wounded.
The gnoll sergeant hits you from afar with a +0 spear.
* * * LOW HITPOINT WARNING * * *
The gnoll hits you from afar with a +0 halberd.
* * * LOW HITPOINT WARNING * * *
Unknown command.
Casting: Stone Arrow (dangerous; 3% risk of failure)
Confirm with . or Enter, or press ? or * to list all spells.
Aiming: Stone Arrow (dangerous; 3% risk of failure)
Press: ? - help, Shift-Dir - straight line, f/p - gnoll sergeant
Aim: a gnoll sergeant, wielding a +0 spear and wearing a +0 ring mail (severely wounded, 79% to hit)
The stone arrow hits the gnoll sergeant!
You kill the gnoll sergeant!
The gnoll misses you.
Your Earth Magic skill increases to level 6!
Unknown command.
Casting: Stone Arrow (dangerous; 3% risk of failure)
Confirm with . or Enter, or press ? or * to list all spells.
Aiming: Sandblast (safe; 1% risk of failure)
Press: ? - help, Shift-Dir - straight line, f - gnoll
Aim: a gnoll, wielding a +0 halberd (85% to hit)
The blast of sand hits the gnoll but does no damage.
The gnoll barely misses you.
Unknown command.
Casting: Sandblast (safe; 1% risk of failure)
Confirm with . or Enter, or press ? or * to list all spells.
You don't have enough magic to cast this spell.
It was a potion of enlightenment.
You feel very buoyant.
You fly up into the air.
The gnoll hits you from afar with a +0 halberd!
You die...

###..........#
###..)##...## ##..#
#...#### ######.##
#....... # .......#
#....# .##
.......####....#####....
........#............#
.............#......#
............####@..##
....###.....# #)..#
...## #......# #g).# .#.
#.......##...# ...
#.#..##..#.... .. #...##
#....... ....# .....###
..###


You could see a gnoll.

Vanquished Creatures
  Edmund (D:4)
  A phantom (D:4)
  A gnoll sergeant (D:5)
  2 scorpions (D:4)
  2 orc priests
  A jelly (D:4)
  Jessica (D:2)
  An iguana (D:5)
  Ijyb (D:3)
  Robin (D:3)
  2 gnolls (D:5)
  An adder (D:4)
  An ufetubus (D:4)
  3 worms
  A dart slug (D:5)
  6 orcs
  12 endoplasms
  A giant cockroach (D:4)
  16 goblins
  13 hobgoblins
  3 jackals (D:1)
  A quokka (D:3)
  10 ball pythons
  3 bats
  5 frilled lizards
  9 kobolds
  6 rats
105 creatures vanquished.

Notes
Turn   | Place    | Note
-------+----------+-------------------------------------------
     0 | D:1      | ders the Gargoyle Earth Elementalist began the quest for
                  | the Orb.
     0 | D:1      | Reached XP level 1. HP: 10/10 MP: 3/3
    62 | D:1      | Reached skill level 1 in Conjurations
    71 | D:1      | Reached XP level 2. HP: 11/15 MP: 0/5
   472 | D:1      | Reached XP level 3. HP: 19/19 MP: 4/6
   950 | D:2      | Found a shimmering altar of Xom.
  1263 | D:2      | Noticed Jessica
  1265 | D:2      | Killed Jessica
  1266 | D:2      | Reached XP level 4. HP: 24/24 MP: 5/7
  1709 | D:3      | Noticed Robin
  1801 | D:3      | Killed Robin
  1857 | D:3      | Identified the +5 long sword of the Other Side {elec, Fly
                  | rElec Will+ SInv}
  1861 | D:3      | Noticed a kobold brigand
  2188 | D:3      | Found a transporter.
  2200 | D:3      | Noticed a small abomination
  2204 | D:3      | Found a hazy altar of Hepliaklqana.
  2224 | D:3      | Found a transporter.
  2233 | D:3      | Reached XP level 5. HP: 28/28 MP: 6/9
  2410 | D:3      | Found a one-way gate to the infinite horrors of the Abyss.
  2410 | D:3      | Noticed LobsterGuardian's ghost (weakling GnDe)
  2410 | D:3      | Noticed a small abomination
  2557 | D:3      | Noticed Ijyb
  2575 | D:3      | Killed Ijyb
  2648 | D:3      | Learned a level 3 spell: Stone Arrow
  3101 | D:4      | Reached XP level 6. HP: 32/32 MP: 6/10
  3410 | D:4      | Reached skill level 5 in Earth Magic
  3477 | D:4      | Noticed Edmund
  3487 | D:4      | Killed Edmund
  3488 | D:4      | Reached skill level 5 in Conjurations
  3722 | D:4      | Reached XP level 7. HP: 36/36 MP: 0/12
  4456 | D:5      | Entered Level 5 of the Dungeon
  4562 | D:5      | Found a sacrificial altar of Ru.
  4574 | D:5      | Found a shadowy altar of Dithmenos.
  4628 | D:5      | Found a broken altar of Ashenzari.
  4630 | D:5      | Found a shimmering altar of Xom.
  4676 | D:5      | Slain by a gnoll

Illustrated notes

Levels and vault maps discovered:
D:1:      saegor_arrival_simple_c, layout_loops_ring, minmay_pentomino_v4
D:2:      layout_loops_cross, basic_altar, uniq_jessica
D:3:      layout_basic, mainiacjoe_overflow_concentric_impassable,
          gammafunk_ghost_abyssal_escape, uniq_ijyb, uniq_robin
D:4:      layout_loops_cross, uniq_edmund
D:5:      layout_layer_cave, elyvilon_altar_4,
          nicolae_overflow_macrodata_refinement

Skill      XL: |  1  2  3  4  5  6  7 |
---------------+----------------------+-----
Conjurations   | 1 2 3 4 5 6 |  6.1
Earth Magic    | 4 5 6 |  6.0
Spellcasting   | 3 4 |  4.1
Dodging        | |  1.5
Stealth        | |  2.1
Transmutations | |  0.7

Action                     |  1- 3 |  4- 6 |  7- 9 || total
---------------------------+-------+-------+-------++-------
  Melee: Unarmed           |     7 |       |       ||     7
         Short sword       |     2 |     2 |       ||     4
         Falchion          |       |     4 |     1 ||     5
   Cast: Sandblast         |    47 |    71 |    17 ||   135
         Stone Arrow       |       |    19 |    16 ||    35
    Use: Potion            |       |     2 |     1 ||     3
 Armour: Robe              |    21 |    36 |    13 ||    70
  Dodge: Dodged            |    11 |    28 |    14 ||    53

Table legend: (Time is in decaauts)
 A = Elapsed time spent in this place.
 B = Non-inter-level travel time spent in this place.
 C = Inter-level travel time spent in this place.
 D = Time resting spent in this place.
 E = Time spent auto-exploring this place.
 F = Levels seen in this place.
 G = Mean time per level.
                   A        B        C        D        E       F      G
               +--------+--------+--------+--------+--------+-----+--------+
         Total |   4743 |   4648 |     95 |    493 |   3595 |   5 |  948.6 |
       Dungeon |   4743 |   4648 |     95 |    493 |   3595 |   5 |  948.6 |
               +--------+--------+--------+--------+--------+-----+--------+

Top non-repeatable levels by time:
     D:4: 1507 daAuts
     D:3: 1205 daAuts
     D:1: 967 daAuts
     D:2: 841 daAuts
     D:5: 222 daAuts
